[Event "Titled Tuesday Blitz January 03 Late 2023"]
[White "Pein, Jonathan"]
[Black "Remizov, Yaroslav"]
[WhiteFideId "417092"]
[BlackFideId "34134015"]
[WhiteElo "2265"]
[BlackElo "2421"]
[Result "0-1"]
[Round "01"]
[TimeControl "180+2"]
[Date "2023.01.03"]
[WhiteClock "0:00:03"]
[BlackClock "0:00:34"]

1. e4 c6 2. d4 d5 3. Bd3 dxe4 4. Bxe4 Nf6 5. Bf3 g6 6. Ne2 Bg7 7. O-O O-O 8. c4 Bg4 9. Bxg4 Nxg4 10. Nbc3 Na6 11. h3 Nh6 12. d5 cxd5 13. Nxd5 Nf5 14. Ne3 Nxe3 15. Bxe3 Qc7 16. Qb3 Rac8 17. Rac1 b6 18. Bf4 Qb7 19. Nc3 Nc5 20. Qc2 Ne6 21. Nd5 Qxd5 22. cxd5 Rxc2 23. Rxc2 Nxf4 24. Rc7 Nxd5 25. Rxa7 Bxb2 26. Rb1 Bf6 27. a4 e6 28. a5 bxa5 29. Rxa5 Rc8 30. Ra2 Nc3 31. Rc2 Nxb1 32. Rxc8+ Kg7 33. Kf1 Nc3 34. g3 h5 35. h4 Nd5 36. Ke2 Be5 37. Kf3 Kf6 38. Rf8 Nb4 39. Ke4 Nd5 40. Kf3 Bd6 41. Rd8 Ke7 42. Ra8 e5 43. Ra6 Ke6 44. Ke4 Nc3+ 45. Kf3 Kd5 46. Ra7 Ke6 47. Ra6 f6 48. Ke3 Nb5 49. Ra8 Kf5 50. Ra6 Bc5+ 51. Kf3 Nc3 52. Rc6 Ne4 53. Ra6 Bxf2 54. Ra4 Nc5 55. Ra5 Bd4 56. Ra2 e4+ 57. Kg2 Be5 58. Ra5 Nd3 59. Ra8 Ne1+ 60. Kf2 Nf3 61. Kg2 Nd4 62. Rg8 e3 63. Kf1 Bxg3 64. Kg2 Bxh4 65. Kh3 Bf2 66. Re8 g5 67. Kg2 h4 68. Kf1 Kg4 69. Re4+ Kf3 0-1


[Site "https://www.chess.com"]

[Event "Titled Tuesday Blitz January 03 Late 2023"]
[White "Pichot, Alan"]
[Black "Karas, Marek"]
[WhiteFideId "110973"]
[BlackFideId "14928558"]
[WhiteElo "2638"]
[BlackElo "2227"]
[Result "1/2-1/2"]
[Round "01"]
[TimeControl "180+2"]
[Date "2023.01.03"]
[WhiteClock "0:00:04"]
[BlackClock "0:00:06"]

1. e4 e6 2. d3 d5 3. Nd2 Nf6 4. Ngf3 c5 5. g3 Nc6 6. Bg2 Be7 7. O-O O-O 8. e5 Nd7 9. Re1 b5 10. h4 Qc7 11. Qe2 Bb7 12. Nf1 Rfc8 13. Bf4 Qd8 14. h5 h6 15. N1h2 Bf8 16. Ng4 a5 17. a3 b4 18. a4 Ba6 19. Qd2 c4 20. d4 c3 21. bxc3 bxc3 22. Qe3 Nb4 23. Rec1 Nb6 24. Nxh6+ gxh6 25. Bxh6 Bxh6 26. Qxh6 Qf8 27. Qf4 Qg7 28. Nh2 Kh8 29. Ng4 Rg8 30. Nf6 Qg5 31. Qf3 Rg7 32. Kh2 Nc4 33. Qxc3 Rh7 34. f4 Rxh5+ 35. Kg1 Qh6 36. Nxh5 Qxh5 37. Kf2 Kg7 38. Rh1 Qg6 39. Rh4 Rh8 40. Rxh8 Kxh8 41. Rh1+ Kg8 42. Bf1 Qxc2+ 43. Qxc2 Nxc2 44. Bd3 Nb4 45. Bf1 Nb2 46. Bxa6 Nxa6 47. Rb1 Nxa4 48. Rb5 Nc3 49. Rxa5 Ne4+ 50. Kf3 Nb4 51. Ra4 Nc2 52. g4 Nc3 53. Ra8+ Kg7 54. f5 Nxd4+ 55. Kf4 Nce2+ 56. Ke3 exf5 57. gxf5 Nxf5+ 58. Kxe2 Nd4+ 59. Ke3 Ne6 60. Ra5 d4+ 61. Ke4 Kg6 62. Ra1 Kg7 63. Rg1+ Kf8 64. Kd5 Ke7 65. Ra1 Kf8 66. Kd6 Kg7 67. Ke7 Kg6 68. Rf1 Ng5 69. Kd6 d3 70. Kd5 d2 71. Rd1 Nf3 72. Ke4 Ng5+ 73. Kf4 Ne6+ 74. Ke4 Ng5+ 75. Kd4 Nf3+ 76. Kd5 Kf5 77. Rf1 Kf4 78. Ra1 Nxe5 79. Kd4 Nf3+ 80. Kd3 f5 81. Ke2 Ke4 82. Ra4+ Nd4+ 83. Kxd2 f4 84. Kc3 f3 85. Rxd4+ Ke3 86. Rd3+ Ke2 87. Rd2+ Ke3 88. Rd8 f2 89. Re8+ Kf3 90. Rf8+ Ke2 91. Re8+ Kf3 92. Kd2 f1=Q 93. Rf8+ Kg2 94. Rxf1 Kxf1 1/2-1/2


[Site "https://www.chess.com"]

[Event "Titled Tuesday Blitz January 03 Late 2023"]
[White "Manukian, Artak"]
[Black "Zakhartsov, Vladimir"]
[WhiteFideId "13301373"]
[BlackFideId "4145097"]
[WhiteElo "2196"]
[BlackElo "2552"]
[Result "0-1"]
[Round "01"]
[TimeControl "180+2"]
[Date "2023.01.03"]
[WhiteClock "0:00:14"]
[BlackClock "0:00:15"]

1. e4 g6 2. d4 Bg7 3. c4 d6 4. Nc3 e5 5. d5 f5 6. Bd3 Nf6 7. Nge2 O-O 8. O-O f4 9. f3 g5 10. g4 h5 11. h3 hxg4 12. hxg4 Nxg4 13. fxg4 Bxg4 14. Qb3 Nd7 15. Kf2 Bh3 16. Rg1 g4 17. Ke1 Nc5 18. Qc2 Qh4+ 19. Kd1 Qf2 20. b4 Nxd3 21. Qxd3 f3 22. Be3 fxe2+ 23. Qxe2 Qxg1+ 24. Bxg1 Rf1+ 25. Kc2 Rxa1 26. Be3 a5 27. b5 Rf8 28. c5 dxc5 29. Bxc5 Rf3 30. d6 cxd6 31. Bxd6 Raf1 32. Qc4+ Kh7 33. Qc7 Rf7 34. Qxa5 g3 35. Ne2 g2 36. Bc5 R1f2 37. Bxf2 Rxf2 38. Qe1 Rxe2+ 39. Qxe2 g1=Q 40. Qh5+ Kg8 41. Qxh3 Qc5+ 42. Kd2 Qd4+ 43. Kc2 Qxe4+ 44. Kb3 Qd5+ 45. Kb4 b6 46. Qc8+ Bf8+ 47. Ka4 Qxa2# 0-1


[Site "https://www.chess.com"]

[Event "Titled Tuesday Blitz January 03 Late 2023"]
[White "Holt, Conrad"]
[Black "Przybylski, Wojciech"]
[WhiteFideId "2034387"]
[BlackFideId "1117599"]
[WhiteElo "2540"]
[BlackElo "2321"]
[Result "1-0"]
[Round "01"]
[TimeControl "180+2"]
[Date "2023.01.03"]
[WhiteClock "0:01:44"]
[BlackClock "0:00:04"]

1. d4 d5 2. c4 c6 3. Nc3 Nf6 4. e3 e6 5. Bd3 Nbd7 6. e4 dxe4 7. Nxe4 Nxe4 8. Bxe4 Bb4+ 9. Bd2 Qa5 10. Nf3 c5 11. O-O Bxd2 12. Nxd2 cxd4 13. Nb3 Qg5 14. Qxd4 O-O 15. Rad1 Nf6 16. f4 Qh6 17. Bf3 Bd7 18. Bxb7 Rab8 19. Nc5 Bc8 20. Bf3 Qg6 21. b3 a5 22. Qd6 Rb4 23. Qe7 Ne8 24. Rd8 f6 25. Rxc8 Qf7 26. Qxe6 Qxe6 27. Nxe6 Kf7 28. Nxf8 Nd6 29. Bd5+ Ke7 30. Re1+ Ne4 31. Rxe4+ Kd6 32. Re6# 1-0


[Site "https://www.chess.com"]

[Event "Titled Tuesday Blitz January 03 Late 2023"]
[White "Wu, Brandon"]
[Black "Vasquez Schroeder, Rodrigo"]
[WhiteFideId "30909228"]
[BlackFideId "3400042"]
[WhiteElo "2123"]
[BlackElo "2524"]
[Result "0-1"]
[Round "01"]
[TimeControl "180+2"]
[Date "2023.01.03"]
[WhiteClock "0:00:15"]
[BlackClock "0:01:16"]

1. Nf3 c5 2. g3 b6 3. Bg2 Bb7 4. O-O Nf6 5. c4 e6 6. Nc3 a6 7. Re1 d6 8. e4 Be7 9. d4 cxd4 10. Nxd4 Qc7 11. b3 Nbd7 12. Bb2 Rc8 13. Rc1 O-O 14. Na4 Rfd8 15. Qe2 Bf8 16. g4 g6 17. h4 Bg7 18. f3 Nc5 19. Nc3 Nxg4 20. Nxe6 fxe6 21. fxg4 Qe7 22. g5 Rf8 23. Na4 Bxb2 24. Nxb2 e5 25. Na4 Qc7 26. Nc3 Ne6 27. Nd5 Bxd5 28. exd5 Nd4 29. Qe3 Rf4 30. Rf1 Rcf8 31. Rxf4 Rxf4 32. Rf1 Rxh4 33. Bh3 Qe7 34. Kg2 Rf4 35. Rxf4 Qxg5+ 36. Bg4 Qxf4 37. Qxf4 exf4 38. Bd1 Kg7 0-1


[Site "https://www.chess.com"]

[Event "Titled Tuesday Blitz January 03 Late 2023"]
[White "Abdisalimov, Abdimalik"]
[Black "Kleinman, Michael"]
[WhiteFideId "14206323"]
[BlackFideId "2609479"]
[WhiteElo "2492"]
[BlackElo "2387"]
[Result "1-0"]
[Round "01"]
[TimeControl "180+2"]
[Date "2023.01.03"]
[WhiteClock "0:02:02"]
[BlackClock "0:00:12"]

1. d4 Nf6 2. c4 g6 3. f3 d5 4. cxd5 Nxd5 5. e4 Nb6 6. Nc3 Bg7 7. Be3 O-O 8. Qd2 e5 9. d5 c6 10. h4 cxd5 11. exd5 Na6 12. h5 Nb4 13. Rd1 Bf5 14. Kf2 Rc8 15. g4 Bc2 16. Rc1 N6xd5 17. Nxd5 Qxd5 18. Qxb4 Qxa2 19. Ne2 e4 20. Nd4 Bd3 21. Bxd3 exd3 22. Rhd1 Rxc1 23. Rxc1 Re8 24. Qb5 Re5 25. Rc8+ Bf8 26. Qxe5 Qxb2+ 27. Kg3 d2 28. Rxf8+ Kxf8 29. Bh6+ Kg8 30. Qe8# 1-0


[Site "https://www.chess.com"]

[Event "Titled Tuesday Blitz January 03 Late 2023"]
[White "Senthil, Maran K"]
[Black "Indjic, Aleksandar"]
[WhiteFideId "25035681"]
[BlackFideId "911925"]
[WhiteElo "2209"]
[BlackElo "2618"]
[Result "1/2-1/2"]
[Round "01"]
[TimeControl "180+2"]
[Date "2023.01.03"]
[WhiteClock "0:00:07"]
[BlackClock "0:00:14"]

1. d4 Nf6 2. Nf3 e6 3. g3 c5 4. c4 cxd4 5. Nxd4 Qc7 6. Nd2 Nc6 7. Nb5 Qb8 8. Bg2 a6 9. Nc3 Bb4 10. O-O b5 11. Nde4 Nxe4 12. Nxe4 bxc4 13. Bf4 e5 14. Be3 O-O 15. Qd5 Qb5 16. Rfd1 Qxd5 17. Rxd5 Rb8 18. Nc5 Bxc5 19. Bxc5 Re8 20. Rd2 Nd4 21. e3 Nf5 22. Rc1 Bb7 23. Rxc4 Bxg2 24. Kxg2 Rb7 25. Rdc2 f6 26. g4 Nh6 27. h3 Nf7 28. Ra4 Ra8 29. Ba3 h6 30. Rc5 Kh7 31. Rca5 Rb6 32. b3 d6 33. e4 Nd8 34. Bc1 Nb7 35. Rd5 Nc5 36. Rc4 Rab8 37. Be3 Ne6 38. Bxb6 Nf4+ 39. Kf3 Nxd5 40. exd5 Rxb6 41. Rc6 Rb5 42. Rxd6 a5 43. Ke4 Kg6 44. h4 Rb4+ 45. Kf3 h5 46. g5 Rxh4 47. gxf6 gxf6 48. Ra6 Rf4+ 49. Ke3 h4 50. Ra8 Rd4 51. Rh8 Kg7 52. Rh5 a4 53. bxa4 Kg6 54. Rh8 Rxa4 55. d6 Rd4 56. Rd8 h3 57. d7 Kh7 58. Kf3 Rd3+ 59. Ke4 Rd4+ 60. Kf3 Rd3+ 61. Ke4 Rd2 62. Kf3 f5 63. Kg3 Rd3+ 64. Kh2 f4 65. Re8 Rxd7 66. Rxe5 Rd2 67. Kxh3 Rxf2 68. Kg4 Rxa2 69. Kxf4 Ra7 70. Re4 Kg7 71. Ke3 Kf8 72. Rf4+ Rf7 73. Rxf7+ Kxf7 1/2-1/2


[Site "https://www.chess.com"]

[Event "Titled Tuesday Blitz January 03 Late 2023"]
[White "Mardov, Dimitar"]
[Black "Quinones Garcia, Santiago"]
[WhiteFideId "30919495"]
[BlackFideId "4408497"]
[WhiteElo "2456"]
[BlackElo "2248"]
[Result "1-0"]
[Round "01"]
[TimeControl "180+2"]
[Date "2023.01.03"]
[WhiteClock "0:01:17"]
[BlackClock "0:01:09"]

1. d4 Nf6 2. c4 e6 3. Nc3 Bb4 4. Qc2 b6 5. e4 c5 6. d5 exd5 7. exd5 Qe7+ 8. Ne2 d6 9. Bd2 O-O 10. O-O-O Bg4 11. f3 Bh5 12. Nf4 Bg6 13. Nxg6 hxg6 14. Bd3 a6 15. h4 Bxc3 16. Bxc3 b5 17. Rde1 Qd7 18. Bxf6 gxf6 19. h5 bxc4 20. Qxc4 g5 21. g4 Re8 22. Qc3 Rxe1+ 23. Rxe1 Qd8 24. Bf5 Nd7 25. Bxd7 Qxd7 26. Qxf6 Qd8 27. Re7 Qf8 28. h6 Re8 29. Rxe8 1-0


[Site "https://www.chess.com"]

[Event "Titled Tuesday Blitz January 03 Late 2023"]
[White "Gatineau, Yovann"]
[Black "Gaehwiler, Gabriel"]
[WhiteFideId "26028999"]
[BlackFideId "1314530"]
[WhiteElo "2362"]
[BlackElo "2404"]
[Result "0-1"]
[Round "01"]
[TimeControl "180+2"]
[Date "2023.01.03"]
[WhiteClock "0:00:04"]
[BlackClock "0:01:17"]

1. c4 Nf6 2. Nc3 g6 3. g3 c6 4. Bg2 Bg7 5. Nf3 d6 6. O-O O-O 7. d4 Bf5 8. Qb3 Qc8 9. Nh4 Be6 10. e4 b5 11. d5 bxc4 12. Qxc4 cxd5 13. Qxc8 Rxc8 14. exd5 Bd7 15. Re1 Kf8 16. Bd2 Na6 17. Re2 Nc5 18. Nf3 Ne8 19. Bg5 Bf6 20. Bxf6 Nxf6 21. Nd4 Rab8 22. Nc6 Bxc6 23. dxc6 e6 24. a3 Nb3 25. Rd1 d5 26. Bf3 Rxc6 27. Kg2 Na5 28. Na4 Kg7 29. g4 Rc4 30. b4 Nb3 31. h3 h6 32. Re3 Nc1 33. Nb2 Rc2 34. Nd3 Nxd3 35. Rdxd3 Rbc8 36. h4 Rb2 37. g5 hxg5 38. hxg5 Nh7 39. Bd1 Nxg5 40. Kg3 Ne4+ 0-1


[Site "https://www.chess.com"]

[Event "Titled Tuesday Blitz January 03 Late 2023"]
[White "Kravtsiv, Martyn"]
[Black "Brozyna, Mateusz"]
[WhiteFideId "14113147"]
[BlackFideId "21816140"]
[WhiteElo "2598"]
[BlackElo "2298"]
[Result "1-0"]
[Round "01"]
[TimeControl "180+2"]
[Date "2023.01.03"]
[WhiteClock "0:00:17"]
[BlackClock "0:00:03"]

1. e4 e5 2. Nf3 Nc6 3. Nc3 Nf6 4. a4 Be7 5. d4 exd4 6. Nxd4 Nxd4 7. Qxd4 d6 8. Bc4 O-O 9. O-O Bd7 10. h3 Bc6 11. Be3 Nd7 12. Nd5 Bf6 13. Nxf6+ Qxf6 14. f3 a6 15. Qxf6 Nxf6 16. Rfd1 Rfe8 17. Bg5 h6 18. Bxf6 gxf6 19. Kf2 Re5 20. g4 Rc5 21. b3 a5 22. Rd2 Kg7 23. Ke3 Re8 24. Kf4 b6 25. Rad1 Ree5 26. Kg3 Bxa4 27. Bd5 Bc6 28. c4 Re8 29. Ra1 Ra8 30. Bxc6 Rxc6 31. Rd5 Re8 32. Kf4 Re5 33. Ke3 Rc5 34. Kd4 Rexd5+ 35. exd5 Kg6 36. f4 f5 37. Re1 fxg4 38. hxg4 b5 39. Rc1 bxc4 40. bxc4 f5 41. gxf5+ Kxf5 42. Rh1 Kxf4 43. Rxh6 Kf3 44. Rh8 Ke2 45. Rb8 Kd2 46. Rb2+ Kc1 47. Rh2 c6 48. Rh6 cxd5 49. cxd5 a4 50. Rxd6 Ra5 51. Rc6+ Kb2 52. d6 a3 53. d7 Ra4+ 54. Kd3 a2 55. Rc2+ Kb3 56. Rxa2 Rxa2 57. d8=Q Rd2+ 58. Kxd2 Kb2 59. Qd3 Ka1 60. Qb5 Ka2 61. Kc2 Ka1 62. Qb2# 1-0


[Site "https://www.chess.com"]

[Event "Titled Tuesday Blitz January 03 Late 2023"]
[White "Bryakin, Mikhail"]
[Black "Kulkarni, Rakesh"]
[WhiteFideId "4165314"]
[BlackFideId "5037077"]
[WhiteElo "2455"]
[BlackElo "2321"]
[Result "0-1"]
[Round "01"]
[TimeControl "180+2"]
[Date "2023.01.03"]
[WhiteClock "0:00:04"]
[BlackClock "0:00:23"]

1. e4 c5 2. Nc3 a6 3. f4 b5 4. Nf3 Bb7 5. Qe2 g6 6. b3 Bg7 7. Bb2 Nc6 8. O-O-O d6 9. g4 Rc8 10. h4 Nd4 11. Qf2 Nf6 12. Nxd4 Nxg4 13. Qg2 cxd4 14. Ne2 Nf6 15. d3 e5 16. Kb1 Qc7 17. Ng3 Ng4 18. Rc1 O-O 19. h5 d5 20. fxe5 Bxe5 21. Nf5 Ne3 22. Nxe3 dxe3 23. d4 Bf4 24. e5 e2 25. Bxe2 Bxc1 26. Rxc1 Qe7 27. Bd3 Qe6 28. Rf1 Kh8 29. Rf6 Qe7 30. Bc1 Qb4 31. Qg4 Qe1 32. Qf4 Kg8 33. Qh6 Qh4 34. Be2 Rc6 35. Rxc6 Bxc6 36. Qe3 Bd7 37. h6 Bf5 38. Kb2 Rc8 39. Bd1 b4 40. Bd2 a5 41. a3 bxa3+ 42. Kxa3 Bxc2 43. Bf3 Be4 44. Be2 Qe7+ 45. Kb2 a4 46. Bb5 Rc2+ 47. Kb1 Rxd2+ 48. Kc1 Rc2+ 49. Kd1 Qa3 50. Bd3 Bxd3 51. Qxd3 Qc1# 0-1


[Site "https://www.chess.com"]

[Event "Titled Tuesday Blitz January 03 Late 2023"]
[White "Gasparyan, David"]
[Black "Mahdavi, Reza"]
[WhiteFideId "13311980"]
[BlackFideId "12595926"]
[WhiteElo "2142"]
[BlackElo "2339"]
[Result "0-1"]
[Round "01"]
[TimeControl "180+2"]
[Date "2023.01.03"]
[WhiteClock "0:01:52"]
[BlackClock "0:02:06"]

1. d4 Nf6 2. Nf3 g6 3. Bf4 Bg7 4. e3 O-O 5. Nc3 d5 6. Be2 b6 7. O-O Bb7 8. Ne5 a6 9. Bf3 Nbd7 10. Qd2 e6 11. Rfd1 c5 12. Ne2 Rc8 13. c4 cxd4 14. exd4 Nxe5 15. dxe5 Ne4 16. Bxe4 dxe4 17. Qe3 Qc7 18. Rac1 Rfd8 19. Rd6 Bxe5 20. Bxe5 Rxd6 21. Qf4 Rcd8 22. Qf6 Rd1+ 0-1


[Site "https://www.chess.com"]

[Event "Titled Tuesday Blitz January 03 Late 2023"]
[White "Yanchenko, Roman"]
[Black "Graif, William"]
[WhiteFideId "4137329"]
[BlackFideId "2609835"]
[WhiteElo "2466"]
[BlackElo "2304"]
[Result "1-0"]
[Round "01"]
[TimeControl "180+2"]
[Date "2023.01.03"]
[WhiteClock "0:01:48"]
[BlackClock "0:00:10"]

1. d4 Nf6 2. c4 e6 3. Nf3 d5 4. Nc3 a6 5. Bg5 dxc4 6. a4 Nc6 7. e3 Na5 8. Ne5 Bb4 9. Nxc4 Qd5 10. Bxf6 gxf6 11. Qd3 b6 12. Nxa5 Qxa5 13. Be2 Bb7 14. O-O O-O-O 15. Kh1 Qg5 16. Bf3 Bxf3 17. gxf3 Kb7 18. Rg1 Qh5 19. Qe4+ Kb8 20. Rac1 Bd6 21. f4 f5 22. Qc6 Rhg8 23. a5 Rxg1+ 24. Rxg1 Ka7 25. axb6+ cxb6 26. Nb5+ Kb8 27. Qxb6+ Kc8 28. Qc6+ Kb8 29. Qb6+ Kc8 30. Rc1+ Kd7 31. Qxd6+ Ke8 32. Nc7# 1-0


[Site "https://www.chess.com"]

[Event "Titled Tuesday Blitz January 03 Late 2023"]
[White "Peatman, Carter"]
[Black "Kobalia, Mikhail"]
[WhiteFideId "2096480"]
[BlackFideId "4119150"]
[WhiteElo "1998"]
[BlackElo "2578"]
[Result "0-1"]
[Round "01"]
[TimeControl "180+2"]
[Date "2023.01.03"]
[WhiteClock "0:01:31"]
[BlackClock "0:01:40"]

1. d4 d5 2. Bf4 c5 3. e3 cxd4 4. exd4 Nc6 5. c3 Nf6 6. Bd3 Bg4 7. Qb3 Qd7 8. Nd2 e6 9. Ngf3 Bd6 10. Bxd6 Qxd6 11. O-O O-O 12. Rfe1 Qc7 13. Ne5 Nxe5 14. Rxe5 Rab8 15. a4 Bh5 16. Qc2 Bg6 17. Bxg6 hxg6 18. Qd3 Ng4 19. Ree1 Qxh2+ 20. Kf1 Qh1+ 21. Ke2 Qxg2 22. Rf1 e5 23. dxe5 Rfe8 24. Nf3 Nxe5 25. Nxe5 Rxe5+ 26. Kd2 Rbe8 27. Rad1 Rf5 28. Kc1 Rxf2 29. Rxf2 Qxf2 30. Qxd5 Qf4+ 31. Kb1 Qxa4 32. Rf1 Qe4+ 33. Qxe4 Rxe4 34. Kc2 g5 35. Kd3 Re7 36. b4 a6 37. Rf5 f6 0-1


[Site "https://www.chess.com"]

[Event "Titled Tuesday Blitz January 03 Late 2023"]
[White "Yuan, Qingyu"]
[Black "Ansh M Shah"]
[WhiteFideId "8609772"]
[BlackFideId "25033379"]
[WhiteElo "2373"]
[BlackElo "2171"]
[Result "1-0"]
[Round "01"]
[TimeControl "180+2"]
[Date "2023.01.03"]
[WhiteClock "0:00:17"]
[BlackClock "0:00:13"]

1. e4 c6 2. d4 d5 3. exd5 cxd5 4. Bd3 Nc6 5. c3 Qc7 6. h3 Nf6 7. Ne2 g6 8. Bf4 Qd8 9. Nd2 Bg7 10. O-O O-O 11. Re1 Bf5 12. Nf3 Bxd3 13. Qxd3 Ne4 14. Ng3 Nxg3 15. Bxg3 e6 16. Re2 a6 17. Bf4 b5 18. Rd1 Rc8 19. b4 Nb8 20. Nd2 Nd7 21. Nb3 Rc4 22. Na5 Rc8 23. Nb7 Qb6 24. Nc5 Nxc5 25. dxc5 Qc6 26. Rde1 Rfe8 27. Bd6 Rcd8 28. Bg3 f6 29. Bd6 Kf7 30. Re3 Bf8 31. Bxf8 Kxf8 32. f4 Re7 33. Qd4 Kf7 34. a3 Rde8 35. Kh1 Qc7 36. R3e2 Qc6 37. Qf2 Kg8 38. Qh4 Kg7 39. Qg4 Kf7 40. Qg3 Qc7 41. Qh4 Kg7 42. Qg4 Kf7 43. Qf3 Kg7 44. Qf2 Kf7 45. Qd4 Qc6 46. Rf1 Qc7 47. Re3 Qc6 48. Kh2 Qc7 49. Rf2 Qc6 50. Kg1 Qc7 51. g4 Kg7 52. g5 Rf7 53. Rfe2 e5 54. gxf6+ Rxf6 55. Rxe5 Ref8 56. Re7+ Rf7 57. Rxc7 Rxc7 58. Re6 Rf7 59. Rxf6 Rxf6 60. c6 1-0


[Site "https://www.chess.com"]

[Event "Titled Tuesday Blitz January 03 Late 2023"]
[White "Tymrakiewicz, Rafal"]
[Black "Nogerbek, Kazybek"]
[WhiteFideId "1108832"]
[BlackFideId "13710427"]
[WhiteElo "2144"]
[BlackElo "2474"]
[Result "0-1"]
[Round "01"]
[TimeControl "180+2"]
[Date "2023.01.03"]
[WhiteClock "0:00:02"]
[BlackClock "0:00:32"]

1. d4 Nf6 2. Bg5 e6 3. Nd2 h6 4. Bh4 c5 5. e3 cxd4 6. exd4 Qb6 7. Nc4 Qc7 8. Nf3 b6 9. Be2 Bb7 10. O-O Be7 11. Nce5 O-O 12. c3 d6 13. Nd3 Nbd7 14. Re1 Rfe8 15. h3 Rad8 16. Bg3 Ne4 17. Bh2 Bf8 18. Bf1 e5 19. Qa4 Nef6 20. dxe5 dxe5 21. Ndxe5 Nc5 22. Qh4 Bd6 23. Ng4 Nxg4 24. Bxd6 Qxd6 25. Qxg4 Rxe1 26. Rxe1 Bxf3 27. Qxf3 Qd2 28. Re7 f6 29. Qg4 Qg5 30. Bc4+ Kh8 31. Qxg5 hxg5 32. Rxa7 Rd2 33. b4 Ne4 34. a4 Nxc3 35. a5 b5 36. Bf7 Kh7 37. a6 Rd1+ 38. Kh2 Ra1 39. Rc7 Na2 40. Bd5 Nxb4 41. Be4+ f5 42. Bxf5+ Kh6 43. a7 Nd5 44. Rd7 Nf6 45. Bg4 Nxd7 46. Bxd7 b4 47. Be6 Rxa7 48. Kg3 Ra3+ 49. Kg4 b3 50. Bxb3 Rxb3 51. g3 Rb4+ 52. f4 gxf4 53. gxf4 g5 0-1


[Site "https://www.chess.com"]

[Event "Titled Tuesday Blitz January 03 Late 2023"]
[White "Girel, Joseph"]
[Black "Adewumi, Tanitoluwa"]
[WhiteFideId "36033561"]
[BlackFideId "30966396"]
[WhiteElo "2395"]
[BlackElo "2283"]
[Result "1/2-1/2"]
[Round "01"]
[TimeControl "180+2"]
[Date "2023.01.03"]
[WhiteClock "0:00:17"]
[BlackClock "0:00:03"]

1. e4 c5 2. Nf3 e6 3. d4 cxd4 4. Bg5 Qb6 5. Qxd4 Qxd4 6. Nxd4 a6 7. Nd2 Be7 8. Bxe7 Nxe7 9. Nc4 b5 10. Nd6+ Kf8 11. a4 b4 12. O-O-O Ra7 13. f4 Rc7 14. e5 Nd5 15. g3 Ne3 16. Rd3 Nxf1 17. Rxf1 Bb7 18. f5 Bd5 19. Rd2 Nc6 20. fxe6 dxe6 21. Nxc6 Bxc6 22. Rdf2 Be8 23. a5 g6 24. Rf4 b3 25. c3 Kg7 26. Rb4 Rc5 27. Rb8 Rxa5 28. Nxe8+ Rxe8 29. Rxe8 Ra1+ 30. Kd2 Rxf1 31. c4 Rf2+ 32. Kc3 Rf3+ 33. Kb4 a5+ 34. Ka4 Re3 35. c5 Rxe5 36. Kb5 Re2 37. Kxa5 Rxb2 38. Rb8 Rc2 39. Rb5 b2 40. Kb6 Kf6 41. c6 Ke7 42. Rb3 Kd8 43. Kb7 h5 44. h4 e5 45. Rd3+ Ke7 46. Rb3 Kd6 47. Rb6 Ke7 48. Rb5 f6 49. c7 Kd7 50. Rd5+ Ke6 51. Rd1 Ke7 52. c8=Q Rxc8 53. Kxc8 e4 54. Rb1 g5 55. hxg5 fxg5 56. Rxb2 h4 57. gxh4 gxh4 58. Kc7 Ke6 59. Kc6 Ke5 60. Kc5 Kf4 61. Kd4 e3 62. Kd3 Kf3 63. Rb8 h3 64. Rh8 Kg2 65. Ke2 h2 66. Rg8+ Kh1 67. Kf3 e2 68. Re8 Kg1 69. Kxe2 h1=Q 70. Rg8+ Qg2+ 71. Rxg2+ Kxg2 1/2-1/2


[Site "https://www.chess.com"]

[Event "Titled Tuesday Blitz January 03 Late 2023"]
[White "Strahov, Andrej"]
[Black "Avila Pavas, Santiago"]
[WhiteFideId "4165489"]
[BlackFideId "4437128"]
[WhiteElo "2398"]
[BlackElo "2522"]
[Result "0-1"]
[Round "01"]
[TimeControl "180+2"]
[Date "2023.01.03"]
[WhiteClock "0:00:21"]
[BlackClock "0:00:33"]

1. d4 Nf6 2. Nf3 e6 3. g3 d5 4. Bg2 b5 5. a4 b4 6. c4 bxc3 7. bxc3 c5 8. O-O Nbd7 9. c4 Ba6 10. cxd5 Nxd5 11. Re1 cxd4 12. Nxd4 Rc8 13. e4 Nb4 14. Ba3 Qb6 15. a5 Qxa5 16. Nd2 Qb6 17. N2f3 Bb7 18. Qa4 a5 19. Rad1 Bc5 20. Nxe6 Qxe6 21. Ng5 Qc6 22. Qb3 O-O 23. Bb2 h6 24. Bh3 Rc7 25. Nxf7 Rxf7 26. Be6 Nf8 27. Bc4 Bxf2+ 28. Kg2 Qxc4 0-1


[Site "https://www.chess.com"]

[Event "Titled Tuesday Blitz January 03 Late 2023"]
[White "Rustemov, Alexander"]
[Black "Mazurkiewicz, Michal"]
[WhiteFideId "4119002"]
[BlackFideId "1124943"]
[WhiteElo "2525"]
[BlackElo "2145"]
[Result "1-0"]
[Round "01"]
[TimeControl "180+2"]
[Date "2023.01.03"]
[WhiteClock "0:01:13"]
[BlackClock "0:00:19"]

1. d4 Nf6 2. c4 e5 3. dxe5 Ng4 4. Bf4 Nc6 5. Nf3 Bb4+ 6. Nbd2 Qe7 7. e3 Ngxe5 8. Nxe5 Nxe5 9. Be2 a5 10. O-O O-O 11. Nb3 a4 12. a3 axb3 13. axb4 Rxa1 14. Qxa1 Ng6 15. Bxc7 Qxb4 16. Rd1 Re8 17. Bd6 Qb6 18. Qa3 Nh4 19. c5 Qc6 20. Bf1 b6 21. Bg3 Nf5 22. cxb6 Nxg3 23. hxg3 Qxb6 24. Rd3 Bb7 25. Rxb3 Qc6 26. Qa7 Ba8 27. Rb8 d6 28. b4 Rc8 29. b5 Qe8 30. Rxc8 Qxc8 31. b6 Qb7 32. f3 Qxa7 33. bxa7 Kf8 34. e4 Ke7 35. Bc4 f6 36. Bd5 1-0


[Site "https://www.chess.com"]

[Event "Titled Tuesday Blitz January 03 Late 2023"]
[White "Dzierzak, Radoslaw"]
[Black "Pakleza, Zbigniew"]
[WhiteFideId "1161407"]
[BlackFideId "1119290"]
[WhiteElo "2220"]
[BlackElo "2494"]
[Result "1/2-1/2"]
[Round "01"]
[TimeControl "180+2"]
[Date "2023.01.03"]
[WhiteClock "0:00:06"]
[BlackClock "0:00:04"]

1. e4 d6 2. d4 Nf6 3. Nc3 c6 4. h3 b5 5. Bd3 e5 6. Nf3 Nbd7 7. O-O Be7 8. dxe5 dxe5 9. Re1 O-O 10. Bf1 Qc7 11. Bg5 Re8 12. Qe2 Nc5 13. Bxf6 Bxf6 14. Rad1 b4 15. Nb1 Be6 16. b3 a5 17. a4 bxa3 18. Nxa3 a4 19. b4 Nd7 20. c4 Reb8 21. Rb1 Be7 22. Qd2 h6 23. c5 Rd8 24. Qc3 f6 25. Bc4 Nf8 26. Red1 Kf7 27. Nh4 Rxd1+ 28. Rxd1 Rd8 29. Rd3 Bxc4 30. Nxc4 Ne6 31. Nf5 Nf4 32. Ncd6+ Bxd6 33. Nxd6+ Kf8 34. Rd2 Ra8 35. Qa3 Qe7 36. Qa2 Qe6 37. b5 cxb5 38. Nxb5 Qxa2 39. Rxa2 Ra5 40. Nc3 a3 41. c6 Rc5 42. Rxa3 Rxc6 43. Kh2 Kg8 44. g3 Nd3 45. Kg2 Kh7 46. Nd5 Nc5 47. Ra7 Nxe4 48. Ne7 Re6 49. Nf5 Kg6 50. Nxg7 Rc6 51. g4 Rc2 52. Nf5 Rxf2+ 53. Kg1 Kg5 54. Rg7+ Kf4 55. Rg6 Ng3 56. Kxf2 Ne4+ 57. Ke2 h5 58. Rh6 hxg4 59. hxg4 Kxg4 60. Rxf6 Nxf6 61. Nd6 Kf4 62. Nc4 e4 63. Nd2 e3 64. Nc4 Ng4 65. Nxe3 1/2-1/2


[Site "https://www.chess.com"]

[Event "Titled Tuesday Blitz January 03 Late 2023"]
[White "Kadric, Denis"]
[Black "Keller, Peter"]
[WhiteFideId "14403803"]
[BlackFideId "1272105"]
[WhiteElo "2601"]
[BlackElo "2358"]
[Result "1-0"]
[Round "01"]
[TimeControl "180+2"]
[Date "2023.01.03"]
[WhiteClock "0:02:54"]
[BlackClock "0:02:21"]

1. e4 e5 2. Nf3 Nc6 3. Bc4 Nf6 4. d3 Bc5 5. O-O O-O 6. h3 d6 7. c3 a5 8. Re1 h6 9. d4 Bb6 10. Be3 Re8 11. dxe5 Bxe3 12. exf6 Bxf2+ 13. Kxf2 Qxf6 14. Kg1 1-0


[Site "https://www.chess.com"]

[Event "Titled Tuesday Blitz January 03 Late 2023"]
[White "Martin Duque, Jesus"]
[Black "Dourerassou, Jonathan"]
[WhiteFideId "2208954"]
[BlackFideId "628050"]
[WhiteElo "2386"]
[BlackElo "2414"]
[Result "1-0"]
[Round "01"]
[TimeControl "180+2"]
[Date "2023.01.03"]
[WhiteClock "0:01:28"]
[BlackClock "0:01:03"]

1. Nf3 Nf6 2. b3 g6 3. Bb2 Bg7 4. g3 O-O 5. Bg2 d6 6. d4 Nbd7 7. O-O c5 8. c4 cxd4 9. Nxd4 Nc5 10. Nc3 Rb8 11. Rc1 a6 12. e3 Bg4 13. Qd2 Bd7 14. Rfd1 Re8 15. h3 Qa5 16. a3 Qb6 17. b4 Ne6 18. Nd5 Nxd5 19. Nxe6 Bxb2 20. Qxb2 Bxe6 21. Bxd5 Bxh3 22. c5 dxc5 23. Rxc5 Rbd8 24. Rdc1 h5 25. Qe5 Rd6 26. Rc7 Be6 27. Rxb7 Qd8 28. Bg2 Rd1+ 29. Rxd1 Qxd1+ 30. Kh2 Qc2 31. Qf4 Rd8 32. Rxe7 Rd2 33. Qf6 Qc8 34. Bh3 Bxh3 35. Qxf7+ Kh8 36. Qh7# 1-0


[Site "https://www.chess.com"]